[ AOE2 MATCH · #491168629 ]
UnrankedVikings vs Japanese
Player's team · LOSS
Rival team · WIN
[ REPLAY ANALYSIS · EXTRACTED FROM THE RECORDED GAME ]
Feudal
8:52
Castle
—
Imperial
—
| APM avg | 58.8 |
| APM peak | 76 |
| eAPM avg | 23.9 |
| Villagers / military | 21 / 1 |
Focus
⚔️ 42.4% · 🌾 57.6%
Spearman ×1
Feudal
8:51
Castle
—
Imperial
—
| APM avg | 74.5 |
| APM peak | 103 |
| eAPM avg | 16.0 |
| Villagers / military | 19 / 4 |
Focus
⚔️ 39.4% · 🌾 60.6%
Militia ×4
Match map
Initial resources + every placement click. Lines = walls · curves = elevation contours. ◆ gold · ⬟ stone · ● berries · ✦ relic · ◌ wall gap
Your base
Sir Poopsalot's base
Smoothed initial terrain · ◌ = detected wall gap · hover for details
Inputs per minute
— Fabrizio 094455 - - Sir Poopsalot
Build order — Fabrizio 094455
40 actions detected in the replay
| 0:01 | Create | Villager (Male) |
| 0:01 | Create | Villager (Male) |
| 0:02 | Create | Villager (Male) |
| 0:03 | Build | House |
| 0:04 | Build | House |
| 0:07 | Create | Villager (Male) |
| 1:28 | Create | Villager (Male) |
| 1:28 | Create | Villager (Male) |
| 1:47 | Create | Villager (Male) |
| 2:18 | Create | Villager (Male) |
| 2:18 | Create | Villager (Male) |
| 2:32 | Build | Lumber Camp |
| 2:40 | Create | Villager (Male) |
| 2:40 | Create | Villager (Male) |
| 3:03 | Create | Villager (Male) |
| 3:39 | Create | Villager (Male) |
| 3:57 | Build | House |
| 4:06 | Create | Villager (Male) |
| 4:07 | Create | Villager (Male) |
| 4:47 | Build | Mill |
| 4:50 | Create | Villager (Male) |
| 5:17 | Create | Villager (Male) |
| 5:39 | Create | Villager (Male) |
| 5:44 | Research | Loom |
| 6:35 | Build | Palisade Wall |
| 6:42 | Research | Feudal Age |
| 6:42 | Research | Feudal Age |
| 7:36 | Build | Barracks |
| 7:45 | Create | Villager (Male) |
| 8:19 | Build | House |
| 8:31 | Build | Mining Camp |
| 8:40 | Build | Palisade Gate |
| 8:47 | Create | Villager (Male) |
| 8:52 | Age | Feudal Age |
| 8:56 | Create | Spearman |
| 9:02 | Research | Double-Bit Axe |
| 9:18 | Build | Palisade Wall |
| 9:20 | Build | Palisade Wall |
| 9:22 | Build | Palisade Wall |
| 9:38 | Create | Villager (Male) |
Build order — Sir Poopsalot
35 actions detected in the replay
| 0:00 | Create | Villager (Male) ×4 |
| 0:02 | Build | House |
| 0:04 | Build | House |
| 1:25 | Create | Villager (Male) |
| 1:57 | Create | Villager (Male) |
| 2:14 | Create | Villager (Male) |
| 2:48 | Create | Villager (Male) |
| 2:52 | Build | Lumber Camp |
| 3:08 | Create | Villager (Male) |
| 3:26 | Build | House |
| 3:36 | Create | Villager (Male) |
| 3:36 | Create | Villager (Male) |
| 3:40 | Create | Villager (Male) |
| 3:55 | Create | Villager (Male) |
| 4:29 | Create | Villager (Male) |
| 4:52 | Create | Villager (Male) |
| 5:09 | Build | Barracks |
| 5:35 | Research | Loom |
| 5:39 | Build | House |
| 6:15 | Build | Mining Camp |
| 6:30 | Research | Feudal Age |
| 6:50 | Create | Villager (Male) |
| 6:54 | Create | Militia |
| 7:04 | Create | Militia |
| 7:27 | Create | Militia |
| 7:43 | Create | Militia |
| 8:15 | Create | Villager (Male) |
| 8:35 | Build | Mill |
| 8:51 | Age | Feudal Age |
| 8:52 | Research | Man-at-Arms (upgrade) |
| 8:54 | Research | Double-Bit Axe |
| 8:58 | Build | House |
| 9:16 | Create | Villager (Male) |
| 9:34 | Build | House |
| 9:51 | Create | Villager (Male) |
Match timeline
| 5:09 | Sir Poopsalot · first_building Barracks |
| 6:35 | Fabrizio 094455 · wall_segment Palisade Wall x3 |
| 7:36 | Fabrizio 094455 · first_building Barracks |
| 8:51 | Sir Poopsalot · age_up feudal |
| 8:52 | Fabrizio 094455 · age_up feudal |
| 9:18 | Fabrizio 094455 · wall_segment Palisade Wall x1 |
| 9:20 | Fabrizio 094455 · wall_segment Palisade Wall x1 |
| 9:22 | Fabrizio 094455 · wall_segment Palisade Wall x1 |
| 9:56 | Fabrizio 094455 · resign |
[ AI ANALYSIS · 1 CREDIT ]
What really happened in this match?
Wolo.gg analyzes every decision: build order, eco, micro, common mistakes by bracket. Personalized analysis on WhatsApp or Discord in 30 seconds.
Civ guide
Vikings
Perfil
Jugador #5843090